 Dungeon Crawl Stone Soup version 0.18.1-48-g4cf74bf (webtiles) character file.

242 tyranidshit the Skirmisher (level 5, 0/47 HPs)
             Began as a Demonspawn Abyssal Knight on Sept 9, 2016.
             Was a Believer of Lugonu.
             Slain by a hound (2 damage)
             ... on level 5 of the Dungeon.
             The game lasted 00:08:44 (2840 turns).

tyranidshit the Skirmisher (DsAK)                   Turns: 2840, Time: 00:08:45

Health: 0/47       AC:  8    Str: 14    XL:     5   Next: 81%
Magic:  6/6        EV:  9    Int: 13    God:    Lugonu [**....]
Gold:   148        SH:  0    Dex: 12    Spells: 0 memorised, 4 levels left

rFire  . . .     SeeInvis .     a - +1 hand axe
rCold  . . .     Gourm    .     j - +0 scale mail
rNeg   . . .     Faith    .     (no shield)
rPois  .         Spirit   .     m - +2 hat
rElec  .         Dismiss  .     (no cloak)
rCorr  .         Reflect  .     (no gloves)
SustAt .         Harm     .     (no boots)
MR     .....                    (no amulet)
Stlth  ..........               (no ring)
                                (no ring)

@: drained, not resistant to hostile enchantments, extremely unstealthy
A: claws 1, blink, rot immunity
a: Blink, Depart the Abyss, Bend Space, Renounce Religion


You were on level 5 of the Dungeon.
You worshipped Lugonu.
Lugonu was pleased with you.
You were not hungry.

You visited 1 branch of the dungeon, and saw 5 of its levels.
You visited the Abyss 1 time.

You collected 148 gold pieces.

Inventory:

Hand Weapons
 a - a +1 hand axe (weapon)
 l - a +0 quarterstaff
Armour
 b - a +0 leather armour
 f - a +0 ring mail
 h - a +0 helmet
 j - a +0 scale mail (worn)
 m - a +2 hat (worn)
 n - a +2 pair of gloves
Wands
 g - a wand of digging (0/24)
Scrolls
 e - a scroll of immolation
 k - 4 scrolls of identify
Comestibles
 c - 2 bread rations
 i - 6 fruits


   Skills:
 + Level 6.6(6.3) Fighting
 - Level 1.7(1.5) Axes
 - Level 1.7(1.5) Armour
 - Level 0.8(0.6) Dodging
 - Level 2.4(2.1) Invocations


You had 4 spell levels left.
You didn't know any spells.

Dungeon Overview and Level Annotations

Branches:
Dungeon (5/15)
 Temple: D:4-7

Altars:
Kikubaaqudgha
Okawaru
Pakellas
Sif Muna
The Shining One

Shops:
D:5 %

Portals:
Sewer: D:4

Annotations:
D:3 Natasha; Neosonic97's ghost, amateur DrTm


Innate Abilities, Weirdness & Mutations

You have sharp fingernails.
You are immune to rotting.
You can translocate small distances at will.


Message History

The orc wizard casts a spell.
The orc wizard flickers and vanishes!
Found an escape hatch in the floor.
There is an open door here.
An adder zombie comes into view.
The adder barely misses you. The hound bites you.
* * * LOW HITPOINT WARNING * * *
The adder bites you.
* * * LOW HITPOINT WARNING * * *
The hound bites you.
* * * LOW HITPOINT WARNING * * *
The adder bites you but does no damage.
The adder zombie bites you but does no damage.
There is a stone staircase leading down here.
Read which item? (? for menu, Esc to quit)
As you read the scroll of immolation, it crumbles to dust.
The creatures around you are filled with an inner flame!
The hound barely misses you. The adder bites you but does no damage.
The hound bites you.
You die...

... ... ... #.#
###+##.####
#.......Z@#
#.......Sh+
#.......s.#
#...##..###
##...##o########
#.............?.
#........o......
#..............$
+........##o..##


You could see a hound (inner flame), an adder (inner flame), an orc (inner
flame), an adder zombie (inner flame) and a giant cockroach (inner flame).

Vanquished Creatures
  A hound (D:4)
  Natasha (twice) (D:3)
  A worker ant (D:4)
  Terence (D:3)
  A hound skeleton (D:4)
  5 adders
  An ooze (D:2)
  3 dart slugs
  4 giant cockroaches
  5 goblins
  6 hobgoblins
  A jackal (D:3)
  3 quokkas
  A ball python (D:2)
  2 bats (D:1)
  5 giant newts
  7 kobolds
  8 rats
57 creatures vanquished.

Vanquished Creatures (others)
  4 starspawn tentacles (Abyss:2)
  5 starspawn tentacle segments (Abyss:2)
9 creatures vanquished.

Grand Total: 66 creatures vanquished

Notes
Turn   | Place    | Note
--------------------------------------------------------------
     0 | Abyss:1  | tyranidshit the Demonspawn Abyssal Knight began the quest for the Orb.
     0 | Abyss:1  | Reached XP level 1. HP: 18/18 MP: 2/2
    56 | Abyss:2  | Noticed a tentacled starspawn
    61 | Abyss:2  | Noticed a small abomination
    73 | Abyss:2  | Noticed a wretched star
    74 | D:1      | Escaped the Abyss
   184 | D:1      | Reached * piety under Lugonu
   407 | D:1      | Gained mutation: You have sharp fingernails. [demonic ancestry]
   407 | D:1      | Reached XP level 2. HP: 24/24 MP: 3/3
   669 | D:1      | Reached skill level 4 in Fighting
  1033 | D:2      | Reached XP level 3. HP: 27/30 MP: 3/3
  1220 | D:2      | Gained mutation: You are agile. (Dex +2) [potion of mutation]
  1220 | D:2      | Lost mutation: You are agile. (Dex +2) [potion of mutation]
  1220 | D:2      | Gained mutation: You can translocate small distances at will. [potion of mutation]
  1286 | D:2      | Found an ancient bone altar of Kikubaaqudgha.
  1428 | D:2      | Found an iron altar of Okawaru.
  1608 | D:2      | Found a glowing golden altar of the Shining One.
  1846 | D:3      | Reached ** piety under Lugonu
  1905 | D:3      | Found a deep blue altar of Sif Muna.
  2012 | D:3      | Noticed Natasha
  2026 | D:3      | Killed Natasha
  2026 | D:3      | Reached skill level 5 in Fighting
  2026 | D:3      | Gained mutation: You are immune to rotting. [demonic ancestry]
  2026 | D:3      | Reached XP level 4. HP: 13/39 MP: 4/4
  2192 | D:3      | Noticed Natasha
  2209 | D:3      | Killed Natasha
  2310 | D:3      | Noticed Natasha
  2321 | D:3      | Found an oddly glowing altar of Pakellas.
  2341 | D:3      | Noticed Terence
  2352 | D:3      | Killed Terence
  2352 | D:3      | Reached XP level 5. HP: 24/46 MP: 6/6
  2387 | D:3      | Noticed Neosonic97's ghost (amateur DrTm)
  2435 | D:4      | Reached skill level 6 in Fighting
  2784 | D:4      | Found a glowing drain.
  2827 | D:5      | Entered Level 5 of the Dungeon
  2827 | D:5      | Found Ypleir Vistri's Food Emporium.
  2838 | D:5      | HP: 1/47 [hound (2)]
  2840 | D:5      | Slain by a hound

Skill      XL: |  1  2  3  4  5 |
---------------+----------------+-----
Fighting       | 4 5 6 |  6.6
Axes           | |  1.7
Armour         | |  1.7
Dodging        | |  0.8
Invocations    | |  2.4

Action                   |  1- 3 |  4- 6 || total
-------------------------+-------+-------++-------
Melee: Hand axe          |   107 |   100 ||   207
Invok: Depart the Abyss  |     1 |       ||     1
Evoke: Wand              |       |     1 ||     1
  Use: Potion            |     5 |     1 ||     6
       Scroll            |     3 |     5 ||     8
 Stab: Invisible         |     2 |       ||     2
       Sleeping          |       |     1 ||     1
  Eat: Bread ration      |     1 |     1 ||     2
       Chunk             |       |     1 ||     1
Armor: Leather armour    |    14 |       ||    14
       Ring mail         |    13 |    16 ||    29
       Scale mail        |       |    78 ||    78
Dodge: Dodged            |    61 |    89 ||   150
